Cogmind - Beta 15 @@@ ROGUE MODE // 2025.06.21 @ 01:35:56 // AFD2020/Player2 Player: Demo Result: Core destroyed Performance ------------- Evolutions (3) 1500 Regions Visited (12) 2400 Robots Destroyed (61) 305 Value Destroyed (1153) 1153 Prototype IDs (28) 560 Alien Tech Used (0) 0 Bonus (2820) 2820 TOTAL SCORE: 8738 Bonus ------- High Alert Combat Kills 65 Follower Combat Kills 1185 Aligned with FarCom 300 Met Imprinter 300 Destroyed Z-Imprinter 1000 Triggered Deep Caves Wall 500 Exposed GOLEM Chamber 500 Friendly Fire -1030 Cogmind --------- Core Integrity 0/700 Matter 226/300 Energy 290/290 System Corruption 0% Temperature Warm (128) Movement Rolling (165) Ox5 Location -7/Deep Caves Parts ------- > --- POWER (1) -------- Improved Deuterium Engine > --- PROPULSION (3) --- Wheel Compact Wheel > --- UTILITY (6) ------ Huge Storage Unit Light Armor Plating Bomb Factory No. 2 > --- WEAPON (3) ------- Gatling Laser AWS/Gauss > --- INVENTORY (25) --- Antimatter Reactor Zionite Light DM Reactor Wheel Wheel Compact Wheel Compact Wheel Improved Heat Sink Improved Heat Sink Improved Cooling System Coolant Injector High-capacity Matter Pod (132) Spread Laser Zionite Laser-S Flak Cannon Bore Cannon Shock Bomb Launcher Improved Grenade Launcher Improved Grenade Launcher Improved Grenade Launcher Missile Launcher Missile Launcher Longsword +1 Peak State ------------ > --- POWER ------------ Improved Deuterium Engine > --- PROPULSION ------- Wheel Wheel Compact Wheel > --- UTILITY ---------- Huge Storage Unit Light Armor Plating Zionite Heavy Carapace Zionite Heavy Carapace > --- WEAPON ----------- AWS/Gauss RU-N14's Throwing Claymores > --- INVENTORY -------- Antimatter Reactor Zionite Light DM Reactor Wheel Wheel Compact Wheel Compact Wheel Improved Heat Sink Improved Heat Sink Improved Cooling System Coolant Injector High-capacity Matter Pod Bomb Factory No. 2 Spread Laser Gatling Laser Zionite Laser-S Flak Cannon Bore Cannon Shock Bomb Launcher Improved Grenade Launcher Improved Grenade Launcher Improved Grenade Launcher Missile Launcher Missile Launcher Longsword +1 [Rating: 65] Favorites ----------- Power Deuterium Engine Engine Deuterium Engine Power Core Micro Nuclear Core Propulsion Compact Wheel Treads Light Treads Wheel Compact Wheel Utility Huge Storage Unit Device Improved Sensor Array Storage Huge Storage Unit Processor Improved Signal Interpreter Hackware System Shield Protection Light Armor Plating Weapon Assault Rifle Energy Gun Medium Laser Ballistic Gun Assault Rifle Ballistic Cannon Flak Cannon Launcher Improved Grenade Launcher Special Weapon RU-N14's Throwing Claymores Special Melee Weapon Improved Datajack Build | -11 -10 -10 -9 -9 -9 -8 -8 -7 -7 -7 -7 -7 ------- Run | Yrd Mat Min Mat Min Exi Min Mat Fac Low Low Zio Dee Slots Evolved 6 | . . . 2 . . . 2 2 . . . . Power . | . . . . . . . . . . . . . Propulsion 1 | . . . . . . . 1 . . . . . Utility 4 | . . . 2 . . . 1 1 . . . . Weapon 1 | . . . . . . . . 1 . . . . Parts Attached 66 | 7 5 2 9 5 3 1 6 10 1 6 3 8 Power 5 | 1 . . 1 . . . 1 . 1 1 . . Engine 4 | 1 . . 1 . . . 1 . . 1 . . Core 1 | . . . . . . . . . 1 . . . Reactor . | . . . . . . . . . . . . . Propulsion 9 | 2 . 2 . 2 1 . . 1 . . 1 . Treads 2 | 1 . . . 1 . . . . . . . . Leg . | . . . . . . . . . . . . . Wheel 7 | 1 . 2 . 1 1 . . 1 . . 1 . Hover . | . . . . . . . . . . . . . Flight . | . . . . . . . . . . . . . Utility 26 | 2 2 . 4 3 1 . 4 5 . 1 . 4 Device 7 | 1 . . 2 . . . 1 2 . . . 1 Storage 4 | 1 2 . . . . . 1 . . . . . Processor 3 | . . . 2 . . . . 1 . . . . Hackware 1 | . . . . . . . . 1 . . . . Protection 11 | . . . . 3 1 . 2 1 . 1 . 3 Artifact . | . . . . . . . . . . . . . Weapon 26 | 2 3 . 4 . 1 1 1 4 . 4 2 4 Energy Gun 3 | . . . 1 . . . . . . . . 2 Energy Cannon . | . . . . . . . . . . . . . Ballistic Gun 7 | 2 1 . 1 . 1 . 1 . . . 1 . Ballistic Cannon 5 | . . . . . . 1 . 1 . 2 . 1 Launcher 9 | . 2 . 2 . . . . 3 . 1 . 1 Special Weapon 1 | . . . . . . . . . . . 1 . Impact Weapon . | . . . . . . . . . . . . . Slashing Weapon . | . . . . . . . . . . . . . Piercing Weapon . | . . . . . . . . . . . . . Special Melee Weapon 1 | . . . . . . . . . . 1 . . Unidentified Prototypes 3 | . . . . . . . . . . . 1 2 Parts Lost 7 | . . . . 1 . . . 2 . . . 4 Power . | . . . . . . . . . . . . . Propulsion 3 | . . . . 1 . . . 1 . . . 1 Utility 4 | . . . . . . . . 1 . . . 3 Weapon . | . . . . . . . . . . . . . Highest Loss Streak 3 | . . . . 1 . . . 2 . . . 3 To Critical Strikes . | . . . . . . . . . . . . . Average Backups 23 | 2 16 24 24 24 24 24 23 23 24 23 23 23 Power 1 | . . 1 1 1 1 1 1 1 1 1 1 1 Propulsion 6 | 1 7 10 8 7 7 7 4 4 5 5 4 4 Utility 6 | . 2 6 8 7 6 6 6 6 6 6 6 6 Weapon 9 | . 5 7 7 8 9 9 9 9 10 10 10 11 Tool/Special . | . . . . . . . . . . . . . Unused Backups 58 | 1 5 4 11 1 3 . 9 4 . 1 . 19 Power 6 | . 1 . 1 . . . . . . . . 4 Propulsion 18 | 1 1 3 3 . 1 . 5 . . . . 4 Utility 23 | . 2 1 3 1 2 . 3 4 . . . 7 Weapon 11 | . 1 . 4 . . . 1 . . 1 . 4 Tool/Special . | . . . . . . . . . . . . . Average Slot Usage (%) 96 | . 100 100 98 99 94 99 99 97 100 100 96 85 Engine 9 | . 14 14 11 11 11 11 9 7 3 5 7 7 Treads 5 | . 14 14 11 11 8 . . . . . . . Wheel 18 | . 14 14 11 11 13 22 27 20 23 23 23 22 Device 6 | . 14 14 11 . . . 6 6 7 7 7 4 Storage 9 | . 14 14 11 11 11 11 9 7 7 7 7 7 Processor 6 | . . . 19 11 5 . . 7 7 7 7 3 Protection 16 | . . . . 20 27 33 28 23 23 23 23 21 Energy Gun 2 | . . . 4 11 5 . . . . . . . Ballistic Gun 10 | . 27 28 13 11 10 11 9 . . . 3 5 Ballistic Cannon 4 | . . . . . . 10 9 13 . 12 6 6 Launcher 3 | . . . 3 . . . . 6 23 9 5 1 Peak Build Rating 65 | 7 9 10 19 17 32 32 29 36 33 36 40 65 Average Rating 26 | 6 8 9 16 16 24 21 25 33 32 34 34 52 On Entrance 21 | . 7 9 10 17 17 32 21 29 32 33 36 40 Naked Turns . | . . . . . . . . . . . . . Heaviest Build 142 | 11 87 87 98 101 114 114 112 119 115 119 120 142 Greatest Support 42 | 16 16 16 16 16 26 26 42 42 36 36 36 36 Greatest Overweight (x) 7 | . 5 5 6 6 7 4 2 4 3 3 3 3 Average Overweight (x) 3 | . 3 5 5 5 5 4 2 3 3 3 2 2 Largest Inventory Capacity 25 | 8 25 25 25 25 25 25 25 25 25 25 25 25 Average Capacity 24 | 7 20 25 25 25 25 25 25 25 25 25 25 25 Most Carried 25 | 8 25 25 25 25 25 25 25 25 25 25 25 25 Average Carried 23 | 2 16 24 24 24 24 24 24 24 25 24 24 24 Final Capacity 25 | 8 25 25 25 25 25 25 25 25 25 25 25 25 Final Carried 25 | 8 25 25 25 25 25 25 25 25 25 25 25 22 Class Distribution -------------------- 53% | Mutant 39% | Tank 3% | Skirmisher Dominant Class ---------------- Mutant | -10/Materials Mutant | -10/Mines Mutant | -9/Materials Mutant | -9/Mines Mutant | -9/Exiles Mutant | -8/Mines Skirmisher | -8/Materials Tank | -7/Factory Scavenger-Tank | -7/Lower Caves Tank | -7/Lower Caves Tank | -7/Zion Tank | -7/Deep Caves Resources | -11 -10 -10 -9 -9 -9 -8 -8 -7 -7 -7 -7 -7 ----------- Run | Yrd Mat Min Mat Min Exi Min Mat Fac Low Low Zio Dee Matter Collected 2392 | 203 84 236 315 88 90 26 158 290 97 163 61 581 Remotely . | . . . . . . . . . . . . . Salvage Created 1863 | 180 130 81 381 139 . . 144 310 94 39 . 365 Parts 121 | 15 12 2 42 3 . . 10 22 5 2 . 8 Haulers Intercepted 6 | . 2 . 3 . . . . 1 . . . . Recyclers Shooed 2 | . 1 . . . . . 1 . . . . . Parts Field Recycled . | . . . . . . . . . . . . . Retrieved Matter . | . . . . . . . . . . . . . Parts Self-Destructed 7 | . . . . . . . . . 7 . . . Prevented 1 | . . . . . . . . . 1 . . . Kills | -11 -10 -10 -9 -9 -9 -8 -8 -7 -7 -7 -7 -7 ------- Run | Yrd Mat Min Mat Min Exi Min Mat Fac Low Low Zio Dee Combat Hostiles Destroyed 69 | . 2 . 18 2 . . 1 5 3 1 . 37 Guns 17 | . 1 . 1 2 . . . . . . . 13 Cannons 2 | . . . . . . . 1 1 . . . . AOE 50 | . 1 . 17 . . . . 4 3 1 . 24 Classes Destroyed 15 | 3 4 . 2 . . . . 1 . 2 . 3 Worker 4 | 2 . . 1 . . . 1 . . . . . Builder 3 | . . . 1 . . . 1 1 . . . . Tunneler 5 | 4 . . 1 . . . . . . . . . Hauler 6 | . 2 . 3 . . . . 1 . . . . Recycler 5 | 1 . 1 . 1 . . 2 . . . . . Operator 1 | . . . . . . . . 1 . . . . Watcher 2 | . 1 . . . . . . 1 . . . . Swarmer 19 | . 1 . 14 1 . . . 3 . . . . Grunt 10 | . 1 . 3 . . . 1 2 3 . . . Sentry 2 | . . . 1 1 . . . . . . . . Z-Light 1 | . . . . . . . . . . . . 1 Master Thief 1 | . . . . . . . . . . 1 . . Assembler 1 | . . . . . . . . . . . . 1 Assembled 36 | . . . . . . . . . . . . 36 Savage 1 | . . . . . . . . . . 1 . . Best Kill Streak 34 | 4 3 1 7 2 . . 2 4 3 4 . 34 Combat Bots Only 33 | . 1 . 6 1 . . 1 3 3 4 . 33 Max Kills in Single Turn 12 | 1 1 1 4 1 . . 1 3 2 1 . 12 Gunslinging . | . . . . . . . . . . . . . Exploded 12 | . 1 . 3 . . . . 2 2 1 . 12 Melee . | . . . . . . . . . . . . . Uniques/NPCs Destroyed 1 | . . . . . . . . . . . . 1 Z-Imprinter (-7/Deep Caves) Combat | -11 -10 -10 -9 -9 -9 -8 -8 -7 -7 -7 -7 -7 -------- Run | Yrd Mat Min Mat Min Exi Min Mat Fac Low Low Zio Dee Hostile Shots Fired 146 | . 13 2 46 2 . . 5 13 5 2 . 58 Missed 52 | . 6 . 17 . . . 3 4 1 1 . 20 Hits 94 | . 7 2 29 2 . . 2 9 4 1 . 38 Melee 1 | . . . . . . . . . . 1 . . Projectile 93 | . 7 2 29 2 . . 2 9 4 . . 38 Critical Strikes 3 | . . . 1 . . . 2 . . . . . Damage Taken 2172 | . 104 28 364 60 . . 115 189 83 289 . 940 Core 265 | . 10 13 72 . . . 67 . 17 58 . 28 Absorbed by Shields . | . . . . . . . . . . . . . Redirected to Shielding 24 | . . . . . . . . 11 . 13 . . Core Remaining (%) 84 | 100 . 67 . . . 82 87 . . . . . Volleys Fired 159 | 21 29 3 23 11 . 2 19 23 5 3 . 20 Largest 3 | 2 2 2 2 2 . 2 2 3 2 3 . 1 Hottest 114 | 40 40 40 70 70 . 57 57 110 72 114 . 80 Shots Fired 336 | 42 53 6 30 22 . 4 38 38 7 11 . 85 Gun 226 | 42 48 6 18 22 . 2 19 . . . . 69 Cannon 60 | . . . . . . 2 19 27 . 3 . 9 Launcher 46 | . 5 . 12 . . . . 11 7 8 . 3 Special 4 | . . . . . . . . . . . . 4 Kinetic 266 | 42 48 6 13 11 . 4 38 27 . 3 . 74 Thermal 20 | . . . 5 11 . . . . . . . 4 Explosive 34 | . 5 . 12 . . . . . 4 6 . 7 Electromagnetic 16 | . . . . . . . . 11 3 2 . . Robot Hit Streak 18 | 11 6 4 6 18 . 4 6 7 . 5 . 7 Robot Miss Streak 7 | 3 7 1 1 2 . 1 3 3 2 3 . 6 Penetration Max . | . . . . . . . . . . . . . Secondary Targets . | . . . . . . . . . . . . . Autonomous 65 | . . . . . . . . . . . . 65 Shots Hit Robots 207 | 29 26 4 18 18 . 3 23 17 . 9 . 60 Core Hits 159 | 11 10 3 31 8 . 2 8 19 5 8 . 54 Critical Kills 1 | . . 1 . . . . . . . . . . Critical Parts Destroyed . | . . . . . . . . . . . . . Critical Strikes 5 | . . 1 . . . . . 2 . 2 . . Destroy 1 | . . 1 . . . . . . . . . . Blast 4 | . . . . . . . . 2 . 2 . . Melee Attacks 2 | . . . . . . . . . . 2 . . Impact . | . . . . . . . . . . . . . Slashing . | . . . . . . . . . . . . . Piercing . | . . . . . . . . . . . . . Sneak Attacks 2 | . . . . . . . . . . 2 . . Combat Hostiles . | . . . . . . . . . . . . . Follow-up Attacks . | . . . . . . . . . . . . . Damage Inflicted 8894 | 232 441 39 1475 218 . 38 412 680 287 513 . 4559 Guns 2586 | 232 241 39 144 218 . 16 94 . . . . 1602 Cannons 849 | . . . . . . 22 318 286 . 89 . 134 Explosions 5333 | . 200 . 1331 . . . . 394 287 424 . 2697 Melee . | . . . . . . . . . . . . . Ramming . | . . . . . . . . . . . . . Kinetic 3189 | 232 241 39 105 93 . 38 412 286 . 89 . 1654 Thermal 246 | . . . 39 125 . . . . . . . 82 Explosive 4840 | . 200 . 1331 . . . . . 233 379 . 2697 Electromagnetic 493 | . . . . . . . . 394 54 45 . . Impact . | . . . . . . . . . . . . . Slashing 126 | . . . . . . . . . . . . 126 Piercing . | . . . . . . . . . . . . . Highest Corruption 2 | . . . . . . . . 1 2 2 2 . Average Corruption 1 | . . . . . . . . 1 1 2 2 . Corruption Purged . | . . . . . . . . . . . . . Corruption Blocked . | . . . . . . . . . . . . . Effects 10 | . . . . . . . . 2 3 3 2 . Matter Fused 6 | . . . . . . . . 2 2 1 1 . Energy Discharges 2 | . . . . . . . . . 1 . 1 . Misfires 2 | . . . . . . . . . . 2 . . Overload Shots . | . . . . . . . . . . . . . Overflow Damage 254 | . . . 70 . . 7 . 15 3 14 . 145 Projectiles 22 | . . . . . . 7 . 15 . . . . Explosions 232 | . . . 70 . . . . . 3 14 . 145 Melee . | . . . . . . . . . . . . . Knockbacks 10 | . . . . . . 1 4 2 . . . 3 Impact . | . . . . . . . . . . . . . Kinetic 10 | . . . . . . 1 4 2 . . . 3 Secondary . | . . . . . . . . . . . . . Self-Inflicted Damage 206 | . . . . . . . . . 18 188 . . Shots 6 | . . . . . . . . . 1 5 . . Rammed . | . . . . . . . . . . . . . Targets Rammed . | . . . . . . . . . . . . . Kicked . | . . . . . . . . . . . . . Crushed . | . . . . . . . . . . . . . Highest Temperature 128 | . 1 4 42 54 . 34 49 96 30 89 . 128 Average Temperature 23 | . 1 4 13 18 . 17 18 27 17 44 . 39 Received Heat Transfer 496 | . 42 18 78 18 . . 27 54 27 12 . 220 Siege Activations . | . . . . . . . . . . . . . Martial Activations . | . . . . . . . . . . . . . Shielding Activations . | . . . . . . . . . . . . . Robots Disrupted . | . . . . . . . . . . . . . Combat Hostiles . | . . . . . . . . . . . . . Robots Corrupted . | . . . . . . . . . . . . . Combat Hostiles . | . . . . . . . . . . . . . Parts Fried . | . . . . . . . . . . . . . Impact Corruptions . | . . . . . . . . . . . . . Robots Melted . | . . . . . . . . . . . . . Combat Hostiles . | . . . . . . . . . . . . . Parts Melted 2 | . . . . 1 . . . . . 1 . . Heat Transferred 706 | . . . 111 370 . . . . . . . 225 Parts Sabotaged . | . . . . . . . . . . . . . Parts Stolen 1 | . . . . . . . . . . 1 . . Parts Stripped . | . . . . . . . . . . . . . Power Chain Reactions . | . . . . . . . . . . . . . Alert | -11 -10 -10 -9 -9 -9 -8 -8 -7 -7 -7 -7 -7 ------- Run | Yrd Mat Min Mat Min Exi Min Mat Fac Low Low Zio Dee Maximum Alert Level 3 | . 1 . 3 1 . . . 1 . . . . Low Security (%) 71 | 100 42 100 27 70 . 100 100 97 . . . . Level 1 17 | . 57 . 18 29 . . . 2 . . . . Level 2 8 | . . . 40 . . . . . . . . . Level 3 2 | . . . 12 . . . . . . . . . Level 4 . | . . . . . . . . . . . . . Level 5 . | . . . . . . . . . . . . . High Security . | . . . . . . . . . . . . . Max Security . | . . . . . . . . . . . . . Peak Influence 836 | 10 373 171 836 317 . . 198 202 . . . . Initial 317 | . . 109 . 317 . . . 77 . . . . Average 150 | 1 171 34 360 124 . . 105 120 . . . . Influence Increases 2898 | 35 545 68 1196 81 . . 335 489 149 . . . Destroy 0b10 Robot/C 1340 | . 220 40 560 40 . . 140 240 100 . . . Destroy 0b10 Robot/NC 205 | 35 40 5 40 20 . . 30 35 . . . . Destroy Leader 314 | . 50 10 150 . . . 42 42 20 . . . Allied During Kill 570 | . 71 13 288 18 . . 67 84 29 . . . Successful Hack 55 | . 4 . 23 . . . . 28 . . . . Select Force Hacks 30 | . 30 . . . . . . . . . . . Disable Machine 165 | . 60 . 45 . . . 30 30 . . . . Destroy Structure 189 | . 70 . 90 3 . . 11 15 . . . . Partial Spotted 15 | . . . . . . . 15 . . . . . Lose Combat Pursuer 15 | . . . . . . . . 15 . . . . Influence Decreases 2898 | 35 263 350 382 895 . . 165 537 169 102 . . Entered New Map 830 | . . 173 . 497 . . . 93 46 21 . . Time Decay 1958 | 35 253 177 362 388 . . 165 374 123 81 . . Lost Part 70 | . 10 . . 10 . . . 50 . . . . Lost Ally 40 | . . . 20 . . . . 20 . . . . Squads Dispatched 14 | . 2 . 5 . . . 4 3 . . . . Investigation 4 | . 1 . 2 . . . . 1 . . . . Extermination 1 | . . . . . . . . 1 . . . . Reinforcement 8 | . 1 . 3 . . . 3 1 . . . . Assault . | . . . . . . . . . . . . . Garrison 1 | . . . . . . . 1 . . . . . Intercept . | . . . . . . . . . . . . . Searches Triggered . | . . . . . . . . . . . . . Construction Impeded 1 | . . . . . . . 1 . . . . . Haulers Reinforced . | . . . . . . . . . . . . . Active Scanning Responses . | . . . . . . . . . . . . . Cargo Convoy Interrupts . | . . . . . . . . . . . . . Stealth | -11 -10 -10 -9 -9 -9 -8 -8 -7 -7 -7 -7 -7 --------- Run | Yrd Mat Min Mat Min Exi Min Mat Fac Low Low Zio Dee Distress Signals 5 | . 2 . 2 . . . . 1 . . . . Communications Jammed . | . . . . . . . . . . . . . Distress Signals . | . . . . . . . . . . . . . Times Spotted 124 | . 15 2 28 4 . . 12 14 3 3 . 43 Peak Tracking Total 28 | . 6 2 8 3 . . 4 4 4 2 . 28 Tactical Retreats 2 | . . . . . . . . 1 . . . 1 Traps | -11 -10 -10 -9 -9 -9 -8 -8 -7 -7 -7 -7 -7 ------- Run | Yrd Mat Min Mat Min Exi Min Mat Fac Low Low Zio Dee Traps Triggered . | . . . . . . . . . . . . . Indirectly . | . . . . . . . . . . . . . Trap Hack Attempts . | . . . . . . . . . . . . . Triggered . | . . . . . . . . . . . . . Disarmed . | . . . . . . . . . . . . . Reprogrammed 4 | . 4 . . . . . . . . . . . Reused 2 | . . . . . . . . . . . . 2 Traps Extracted . | . . . . . . . . . . . . . Installed 4 | . . . . . . . . . . . . 4 Triggered . | . . . . . . . . . . . . . Fabricated Traps 4 | . . . . . . . . . . . . 4 Most Traps Carried 1 | . . . . . . . . . . . . 1 Machines | -11 -10 -10 -9 -9 -9 -8 -8 -7 -7 -7 -7 -7 ---------- Run | Yrd Mat Min Mat Min Exi Min Mat Fac Low Low Zio Dee Machines Disabled 15 | . 4 . 3 . . . 2 2 . . . 4 Max in Single Turn 1 | . 1 . 1 . . . 1 1 . . . 1 Garrison Access 1 | . . . . . . . 1 . . . . . Machines Repaired . | . . . . . . . . . . . . . Machines Dismantled . | . . . . . . . . . . . . . Machines Sabotaged . | . . . . . . . . . . . . . Overloaded Fab Kills . | . . . . . . . . . . . . . Hacking | -11 -10 -10 -9 -9 -9 -8 -8 -7 -7 -7 -7 -7 --------- Run | Yrd Mat Min Mat Min Exi Min Mat Fac Low Low Zio Dee Machines Accessed 21 | . 7 . 3 . 2 . 2 5 . 1 1 . Terminals 13 | . 6 . 3 . . . 1 3 . . . . Fabricators 2 | . . . . . . . . 2 . . . . Repair Stations . | . . . . . . . . . . . . . Recycling Units 1 | . 1 . . . . . . . . . . . Scanalyzers . | . . . . . . . . . . . . . Garrison Access 1 | . . . . . . . 1 . . . . . Total Hacks 51 | . 19 . 16 . 2 . 3 7 . 1 3 . Successful 28 | . 10 . 9 . 2 . 1 2 . 1 3 . Failed 23 | . 9 . 7 . . . 2 5 . . . . Catastrophic 6 | . 2 . 1 . . . . 3 . . . . Database Lockouts . | . . . . . . . . . . . . . Manual 30 | . 9 . 8 . 1 . 1 6 . . 5 . Terminals 39 | . 17 . 16 . . . 1 5 . . . . Fabricators 2 | . . . . . . . . 2 . . . . Repair Stations . | . . . . . . . . . . . . . Recycling Units 2 | . 2 . . . . . . . . . . . Scanalyzers . | . . . . . . . . . . . . . Garrison Access 2 | . . . . . . . 2 . . . . . Terminal Hacks 16 | . 4 . 5 . 2 . . 1 . 1 3 . Record 2 | . . . 1 . 1 . . . . . . . Part Schematic 3 | . . . . . . . . . . . 3 . Prototype ID Bank 1 | . 1 . . . . . . . . . . . Open Door 1 | . . . . . . . . . . 1 . . Branch Access Points 2 | . 1 . 1 . . . . . . . . . Locate Traps 3 | . 1 . 1 . . . . 1 . . . . Reprogram Traps 1 | . 1 . . . . . . . . . . . Zone Layout 2 | . . . 2 . . . . . . . . . Proto ID Catalog 1 | . . . . . 1 . . . . . . . Fabricator Hacks . | . . . . . . . . . . . . . Repair Station Hacks . | . . . . . . . . . . . . . Recycling Unit Hacks . | . . . . . . . . . . . . . Scanalyzer . | . . . . . . . . . . . . . Garrison Access Hacks 1 | . . . . . . . 1 . . . . . Seal Access 1 | . . . . . . . 1 . . . . . Unauthorized Hacks 11 | . 6 . 4 . . . . 1 . . . . Terminals 9 | . 4 . 4 . . . . 1 . . . . Track 1 | . . . 1 . . . . . . . . . Botnet 8 | . 4 . 3 . . . . 1 . . . . Fabricators . | . . . . . . . . . . . . . Repair Stations . | . . . . . . . . . . . . . Recycling Units 2 | . 2 . . . . . . . . . . . Mask 1 | . 1 . . . . . . . . . . . Tunnel 1 | . 1 . . . . . . . . . . . Scanalyzers . | . . . . . . . . . . . . . Garrison Access . | . . . . . . . . . . . . . Data Cores Recovered . | . . . . . . . . . . . . . Used . | . . . . . . . . . . . . . Hacking Detections 14 | . 5 . 3 . . . 1 5 . . . . Full Trace Events 2 | . . . 1 . . . . 1 . . . . Feedback Events 1 | . . . . . . . . 1 . . . . Corruption 1 | . . . . . . . . 1 . . . . Feedback Blocked . | . . . . . . . . . . . . . Robot Schematics Acquired . | . . . . . . . . . . . . . Robots Built . | . . . . . . . . . . . . . Authchips . | . . . . . . . . . . . . . Time . | . . . . . . . . . . . . . Total Robot Build Rating . | . . . . . . . . . . . . . Part Schematics Acquired 3 | . . . . . . . . . . . 3 . Parts Built . | . . . . . . . . . . . . . Authchips . | . . . . . . . . . . . . . Time . | . . . . . . . . . . . . . Total Part Build Rating . | . . . . . . . . . . . . . Parts Repaired . | . . . . . . . . . . . . . Time . | . . . . . . . . . . . . . Parts Recycled . | . . . . . . . . . . . . . Recycled Matter . | . . . . . . . . . . . . . Retrieved Matter . | . . . . . . . . . . . . . Retrieved Components . | . . . . . . . . . . . . . Parts Scanalyzed . | . . . . . . . . . . . . . Part Schematics Acquired . | . . . . . . . . . . . . . Parts Damaged . | . . . . . . . . . . . . . Bothacking | -11 -10 -10 -9 -9 -9 -8 -8 -7 -7 -7 -7 -7 ------------ Run | Yrd Mat Min Mat Min Exi Min Mat Fac Low Low Zio Dee Used RIF Installer . | . . . . . . . . . . . . . Robots Hacked . | . . . . . . . . . . . . . Non-combat . | . . . . . . . . . . . . . Combat . | . . . . . . . . . . . . . Robot Hacks Applied . | . . . . . . . . . . . . . Relay Couplers Released . | . . . . . . . . . . . . . Fabnet Peak Effective % . | . . . . . . . . . . . . . Robots Rewired . | . . . . . . . . . . . . . Allies Hacked . | . . . . . . . . . . . . . Hacks Repelled . | . . . . . . . . . . . . . Allies | -11 -10 -10 -9 -9 -9 -8 -8 -7 -7 -7 -7 -7 -------- Run | Yrd Mat Min Mat Min Exi Min Mat Fac Low Low Zio Dee Total Allies 14 | . 1 3 . 1 . . . . . . 9 . Largest Group 10 | . 1 4 4 4 4 3 3 2 1 1 10 10 Highest-Rated Group 473 | . 61 101 108 125 125 94 98 94 90 90 473 473 Highest-Rated Ally 109 | . 61 61 71 73 73 73 77 85 90 90 99 109 Total Orders . | . . . . . . . . . . . . . Ally Attacks 263 | . 34 2 68 . . . 35 26 6 2 . 90 Total Damage 7223 | . 731 42 1002 139 . . 761 814 179 93 . 3462 Kills 70 | . 14 2 12 3 . . 9 10 2 . . 18 Allies Corrupted . | . . . . . . . . . . . . . Allies Melted 1 | . . . . 1 . . . . . . . . Intel | -11 -10 -10 -9 -9 -9 -8 -8 -7 -7 -7 -7 -7 ------- Run | Yrd Mat Min Mat Min Exi Min Mat Fac Low Low Zio Dee Active Infowar (turns) 7433 | 49 844 891 1215 79 . . 326 743 350 398 1715 823 Sensors 4355 | . . . . . . . 326 743 350 398 1715 823 Structural 220 | . . . 141 79 . . . . . . . . Seismic 2975 | 49 844 891 1191 . . . . . . . . . Robot Analysis Total . | . . . . . . . . . . . . . Derelict Logs Recovered 8 | . . 3 . 1 . . . . 1 1 2 . Drone Launches . | . . . . . . . . . . . . . Drone Recoveries . | . . . . . . . . . . . . . Exploration | -11 -10 -10 -9 -9 -9 -8 -8 -7 -7 -7 -7 -7 ------------- Run | Yrd Mat Min Mat Min Exi Min Mat Fac Low Low Zio Dee Turns Passed 10469 | 136 844 891 1220 1166 460 500 416 865 350 398 1715 1508 Spaces Moved 6312 | 57 486 417 610 588 250 311 243 571 242 275 1283 979 Core 3 | 3 . . . . . . . . . . . . Treads . | . . . . . . . . . . . . . Legs . | . . . . . . . . . . . . . Wheels 6309 | 54 486 417 610 588 250 311 243 571 242 275 1283 979 Hover . | . . . . . . . . . . . . . Flight . | . . . . . . . . . . . . . Fastest Speed 50 | 50 100 175 175 175 150 150 123 123 131 131 116 116 Average Speed 147 | 97 145 175 179 189 179 150 123 134 131 131 128 130 Slowest Speed 205 | 100 175 175 190 190 205 150 123 150 131 131 131 131 Overloaded Moves . | . . . . . . . . . . . . . Propulsion Burnouts . | . . . . . . . . . . . . . Robots Hopped . | . . . . . . . . . . . . . Potential Cave-ins . | . . . . . . . . . . . . . Cave-ins Triggered . | . . . . . . . . . . . . . Exploration Rate (%) 57 | 3 71 88 57 99 61 67 26 16 56 47 86 72 Regions Visited 12 Branch Regions 8 Pre-discovered Areas 9 | . 1 2 . 2 1 . . . . . 3 . Known Exits Taken 7 | . 1 . 1 . . 1 . 1 1 1 1 . Unknown Exits Taken 5 | 1 . 1 . 1 1 . 1 . . . . . Scrap Searched 4 | . . . . . . 1 . . . 2 1 . Spaces Dug 17 | . . . . . . . . . 17 . . . Terrain Destroyed 225 | . 23 . 98 . . . 2 8 39 43 . 12 Melee . | . . . . . . . . . . . . . Projectile 22 | . . . . . . . 2 8 . . . 12 AOE 203 | . 23 . 98 . . . . . 39 43 . . Terrain Rammed . | . . . . . . . . . . . . . Walls Destroyed . | . . . . . . . . . . . . . Machines Disabled . | . . . . . . . . . . . . . Actions | -11 -10 -10 -9 -9 -9 -8 -8 -7 -7 -7 -7 -7 --------- Run | Yrd Mat Min Mat Min Exi Min Mat Fac Low Low Zio Dee Total 7283 | 100 576 576 714 623 265 341 336 630 267 314 1353 1188 Wait 522 | 6 27 142 32 12 3 25 36 10 19 9 56 145 Move 6300 | 56 485 416 609 587 249 310 242 570 241 274 1282 979 Hop . | . . . . . . . . . . . . . Pick Up 102 | 9 22 6 18 3 4 1 14 8 . 8 2 7 Fast Attach 27 | 7 . . 3 2 1 . 2 3 . 1 4 4 Attach 17 | . . . 1 2 1 2 2 4 . . . 5 Detach 3 | . . . . . . . . 2 . . . 1 Swap 42 | . 6 2 8 1 1 . 4 3 1 7 2 7 Drop 105 | 1 7 7 20 5 6 1 17 7 1 10 7 16 Fire 159 | 21 29 3 23 11 . 2 19 23 5 3 . 20 Melee 2 | . . . . . . . . . . 2 . . Ram . | . . . . . . . . . . . . . Kick . | . . . . . . . . . . . . . Crush . | . . . . . . . . . . . . . Escape Stasis . | . . . . . . . . . . . . . Rewire . | . . . . . . . . . . . . . Trap 4 | . . . . . . . . . . . . 4 Miscellaneous . | . . . . . . . . . . . . . Route ------- -11/Scrapyard -10/Materials (discovered 5 exits: *Mat x2 / *Min x2 / [*Sub]) -10/Mines (discovered 2 exits: *Mat x2) -9/Materials (discovered 3 exits: *Mat x2 / *Min) -9/Mines (discovered 4 exits: *Mat x2 / *Exi / *Zio) -9/Exiles -8/Mines -8/Materials -7/Factory (discovered 2 exits: *Fac / *Low) -7/Lower Caves -7/Lower Caves -7/Zion (discovered 2 exits: *Dee / *Pro) -7/Deep Caves (discovered 1 exit: [*Pro]) History --------- Turn | Location | Event 17 | -11/Scrapyard | Discovered new exit (range 15) 137 | -11/Scrapyard | Entered Materials 300 | -10/Materials | Build established: Mutant 325 | -10/Materials | Discovered new exit (range 16) 486 | -10/Materials | Discovered new exit (range 6) 798 | -10/Materials | Discovered new exit (range 14) 847 | -10/Materials | Identified exit to Mines 981 | -10/Materials | Entered Mines 1043 | -10/Mines | Learned location of Zion (-7) 1062 | -10/Mines | Learned location of Storage (-8) 1491 | -10/Mines | Received a Rocket Launcher from a helpful Derelict 1570 | -10/Mines | Assisted by bots powering up and referring to "LRC-V3" 1736 | -10/Mines | Learned location of 2 exits from Materials 1741 | -10/Mines | Discovered new exit (range 11) 1816 | -10/Mines | Discovered new exit (range 16) 1872 | -10/Mines | Entered Materials 1872 | -9/Materials | Accompanied by 3 allies 1872 | -9/Materials | Evolved 2 slots: Utility x2 1873 | -9/Materials | Identified exit to Materials 1873 | -9/Materials | Identified exit to Mines 2412 | -9/Materials | Discovered exit to Materials (range 3) 3092 | -9/Materials | Entered Mines 3092 | -9/Mines | Accompanied by 2 allies 3103 | -9/Mines | Discovered exit to Materials (range 7) 3151 | -9/Mines | Joined a pair of Derelicts in attacking an 0b10 outpost 3287 | -9/Mines | Discovered exit to Materials (range 5) 3385 | -9/Mines | A weapon hastily lodged in a ceiling crevice suddenly fell to the ground 3660 | -9/Mines | Escorted by a lone wolf Derelict 3664 | -9/Mines | Deemed a non-threat by the Exiles lab entrance 3664 | -9/Mines | Discovered new exit (range 5) 3737 | -9/Mines | A Derelict revealed a hidden shortcut to a safe place 4258 | -9/Mines | Entered Exiles 4258 | -9/Exiles | Accompanied by 3 allies 4306 | -9/Exiles | Met 8R-AWN 4338 | -9/Exiles | Met EX-HEX 4390 | -9/Exiles | Met EX-BIN 4414 | -9/Exiles | Aligned with FarCom system 4416 | -9/Exiles | Given EX-Vault access code 4460 | -9/Exiles | Opened EX-Vault 4501 | -9/Exiles | Found AWS/Gauss 4504 | -9/Exiles | Found Longsword +1 4516 | -9/Exiles | Found Skeleton Box 4546 | -9/Exiles | Exiles lab attacked by MAIN.C 4699 | -9/Exiles | Discovered new exit (range 12) 4718 | -9/Exiles | Stole three prototypes: AWS/Gauss, Skeleton Box, Longsword +1 4718 | -9/Exiles | Entered Mines 4718 | -8/Mines | Accompanied by 2 allies 5196 | -8/Mines | Discovered exit to Materials (range 9) 5218 | -8/Mines | Entered Materials 5218 | -8/Materials | Accompanied by 2 allies 5218 | -8/Materials | Evolved 2 slots: Propulsion x1, Utility x1 5483 | -8/Materials | Garrison activated, responded to threat 5565 | -8/Materials | Discovered new exit (range 12) 5634 | -8/Materials | Entered Factory 5634 | -7/Factory | Accompanied by 1 ally 5634 | -7/Factory | Evolved 2 slots: Utility x1, Weapon x1 5636 | -7/Factory | FarCom data flow suspended 5901 | -7/Factory | Build established: Tank 6051 | -7/Factory | Discovered new exit (range 10) 6065 | -7/Factory | Identified exit to Lower Caves 6292 | -7/Factory | Discovered new exit (range 16) 6336 | -7/Factory | Identified exit to Factory 6499 | -7/Factory | Entered Lower Caves 6539 | -7/Lower Caves | Identified exit to Lower Caves 6849 | -7/Lower Caves | Entered another Lower Caves area 6849 | -7/Lower Caves | Spotted KW-YVO(f) 6849 | -7/Lower Caves | Spotted AK-5CQ(f) 6851 | -7/Lower Caves | Encountered a Master Thief 6851 | -7/Lower Caves | Encountered a Master Thief 6852 | -7/Lower Caves | Longsword +1 stolen by Master Thief 6853 | -7/Lower Caves | Destroyed KW-YVO(f) 6979 | -7/Lower Caves | Learned Factory emergency access door positions 7226 | -7/Lower Caves | Discovered new exit (range 8) 7234 | -7/Lower Caves | Identified exit to Zion 7247 | -7/Lower Caves | Entered Zion 7258 | -7/Zion | Learned Factory emergency access door positions 7283 | -7/Zion | Given A8's code to call for help 7288 | -7/Zion | Discovered new exit (range 10) 7299 | -7/Zion | Identified exit to Proximity Caves 7326 | -7/Zion | Gained Derelict followers 7438 | -7/Zion | System corruption cleaned by Quarantine Array 7695 | -7/Zion | Enhanced Grunt warped into view, answering call for help 7700 | -7/Zion | Enhanced Grunt warped into view, answering call for help 7753 | -7/Zion | Learned 4 Factory zone layouts 7890 | -7/Zion | Acquired unknown access codes intercepted by a Zionite 7942 | -7/Zion | Learned location of Data Miner (-6) 7960 | -7/Zion | Learned location of Armory (-4) 8040 | -7/Zion | Met Imprinter 8465 | -7/Zion | Found Prototype Device 8608 | -7/Zion | Found Prototype Special Weapon 8608 | -7/Zion | Identified RU-N14's Throwing Claymores 8879 | -7/Zion | Opened final containment barrier to the Deep Caves 8901 | -7/Zion | Discovered new exit (range 3) 8901 | -7/Zion | Saw the warning signs outside the Deep Caves entrance 8903 | -7/Zion | Identified exit to Deep Caves 8962 | -7/Zion | Entered Deep Caves 8962 | -7/Deep Caves | Accompanied by 9 allies 9002 | -7/Deep Caves | Identified Bomb Factory No. 2 9414 | -7/Deep Caves | Z-Facility disabled 9422 | -7/Deep Caves | Attacked by Z-Imprinter 9425 | -7/Deep Caves | Allies destroyed Z-Imprinter 9648 | -7/Deep Caves | Lost 7 allies 9780 | -7/Deep Caves | Found Prototype Protection 9780 | -7/Deep Caves | Identified Zio. Heavy Carapace 9786 | -7/Deep Caves | Found Zio. Heavy Carapace 10317 | -7/Deep Caves | Discovered new exit (range 7) 10429 | -7/Deep Caves | Exposed GOLEM chamber 10430 | -7/Deep Caves | Triggered Deep Caves wall 10434 | -7/Deep Caves | Spotted AG-76334 10443 | -7/Deep Caves | Core integrity fell below 50% 10449 | -7/Deep Caves | Destroyed AS-59627 10461 | -7/Deep Caves | Core integrity fell below 20% 10464 | -7/Deep Caves | Spotted AG-18686 10470 | -7/Deep Caves | Core destroyed Last Messages --------------- 10454_ as-89727 destroyed. 10455_ Destroyed Asb. F-torch. 10456_ as-00916 destroyed. 10456_ Destroyed Asb. Hover System. 10456_ Destroyed Asb. Shotgun. 10456_ as-04975 destroyed. 10457_ Slug penetrates AG-76334. 10457_ Player 2 attaches Mic. Nuclear Core. 10458_ Slug penetrates AG-76334. 10463_ AG-76334 Prototype Device integration complete. 10463_ Slug penetrates AG-76334. 10466_ Zio. Heavy Carapace destroyed. 10467_ AG-18686: "DSI9AT1D G8OHIBQ29FWG 26R186 QD12WHW8W33 TDK1 81FTS" 10468_ Slug penetrates as-79421. 10468_ Destroyed Asb. Hover System. 10468_ Player 2 removes Mic. Nuclear Core. 10469_ Slug penetrates as-79421. 10469_ Zio. Heavy Carapace destroyed. Map ----- +----------------------------------------------------+ | ??????????????????????????????????## ## | | ??????????????????????????????????# ### | | ??????????????????????????????????# ## | | ??????????????????????????????????## ### "" | | ???????????????????????????????????# ##?# "" | | ???????????????????????????????????# #??# " | | ????????????????????????????????#### #??# | | ???????????????????????????????## # #??# | | ??????????????????????????????## ##?# | | ??????????????????????????????# ### "# | | ??????????????????? ??????# ## "# | | ?????????????????= ???## | | ?????????????? G = ?# | | ???????????? ==* * #?# | | ?????????? #### ### | | ?????????? #?## ##??# | | ????????? = #??# #???? | | ????????? =* #??# ## #???# | | ????????? a [ #??# ## ####??## | | ?????????" = g% ##?# ## #???### | | ?????????" % l ;#?# ## #??## | | ?????????" a % #?## #?## | | ????????"" %% ### #?# | | ????????"G a! [ @ ## #####?## | | ????????# % ## ##?????## | | ????????" @ h ### ####???# | | ????????" G = ;### ##??# # | | ????????" ! g #### # | | ????????""" s =g ## | | ????????" | | ????????"" #;##### | | ????????" #?????#### | | ????????"" ##????????## | | ????????? # # #??????????##### | | ????????? ###; ## ## ##??????????????## | | ??????????" ##??## ?# ####????????????????## | | ?????????? ?????##?# ?????????????????????? | | ???????????##??????????#?????????????????????? | | | | | | | | | | | | | | | | | | | | | | | | | +----------------------------------------------------+ Best States ------------- Heat Dissipation 34 Energy Generation 16 Energy Capacity 290 Matter Stores 300 Matter Capacity 300 Sight Range 16 Robot Scan Range 15 Terrain Scan Density 10 Armor Coverage 2550 Utility Shielding 33 Evasion (%) 40 Targeting Accuracy 6 Recoil Reduction 1 Salvage Targeting 1 Defensive Hacking 10 Item Schematics ----------------- Riot Gun | -7/Zion | Free Battle Cannon | -7/Zion | Free Bore Cannon | -7/Zion | Free Robot Schematics ------------------ None Fabricated ------------ Nothing Repaired ---------- Nothing Alien Tech Used ----------------- None Achievements -------------- None Challenges ------------ None Player 2 | -11 -10 -10 -9 -9 -9 -8 -8 -7 -7 -7 -7 -7 ---------- Run | Yrd Mat Min Mat Min Exi Min Mat Fac Low Low Zio Dee Slots Evolved 6 | . . 2 . . . 2 2 . . . . . Power . | . . . . . . . . . . . . . Propulsion 3 | . . 1 . . . 1 1 . . . . . Utility 2 | . . . . . . 1 1 . . . . . Weapon 1 | . . 1 . . . . . . . . . . Parts Attached 59 | . 12 . 10 1 . . 2 10 2 1 4 17 Parts Lost 22 | . 1 . . . . . . 3 . . . 18 Damage Taken 3372 | . 277 11 11 . . . 57 523 103 279 . 2111 Core 668 | . 47 11 . . . . . 63 . 147 . 400 Player 2/Cogmind (%) 71 | . 82 45 . . . . . 100 . 71 . 93 Absorbed by Shields . | . . . . . . . . . . . . . Damage Inflicted 5448 | . 731 42 439 139 . . 555 764 179 93 . 2506 Player 2/Cogmind (%) 37 | . 62 51 22 38 . . 57 52 38 15 . 35 Combat Hostiles Destroyed 35 | . 9 2 5 . . . 3 6 2 . . 8 Player 2/Cogmind (%) 33 | . 81 100 21 . . . 75 54 40 . . 17 Game ------ Seed ShrapnelTransmissionLog Manual? 0 Play Time 00:56:38 Cumulative 284.8 hours Start 2025.06.21 @ 00:38:10 End 2025.06.21 @ 01:35:56 Sessions 1 Manual Loads 0 Difficulty Rogue Special Mode AFD2020/Player2 Game No. 255 Rogue 255 Adventurer 0 Explorer 0 Win Type - Total 2 Types 1/1/0/0/0/0/0/0/0/0 Lore% 76 Gallery% 80 Achievement% 72 Wizard Run 0 Options --------- Layout 1 ASCII 0 Keyboard 0 Movement Numpad Keybinds 0 Fullscreen 1 Font 24/Smallcaps Map View 50x35 Zoom Use 0% Tactical HUD 1 Map Filters NONE Filters NONE Steam 1 RUN: bd6f9ef8-bcc8-4376-87c7-e9e61a00a78b